 Dungeon Crawl Stone Soup version 0.30-a0-358-g0d69a1922f (webtiles) character file.

Game seed: 10190404531598761772

1866 KarmaKiller the Slasher (level 9, -3/82 HPs)
             Began as a Naga Berserker on Nov 7, 2022.
             Was a Believer of Trog.
             Killed from afar by an electric eel (16 damage)
             ... with a bolt of electricity
             ... on level 6 of the Dungeon on Nov 9, 2022.
             The game lasted 00:51:57 (6768 turns).

KarmaKiller the Slasher (Naga Berserker)            Turns: 6768, Time: 00:51:57

Health: -3/82      AC: 14    Str: 25    XL:     9   Next: 13%
Magic:  9/9        EV:  8    Int:  7    God:    Trog [**....]
Gold:   396        SH:  0    Dex: 23    Spells: 8/8 levels left

rFire   . . .      SeeInvis +    c - +3 long sword "Furyekku" {spect, Drain rCorr Dex+7}
rCold   . . .      Faith    .    (no shield)
rNeg    . . .      Spirit   .    d - +0 chain mail
rPois   +          Reflect  .    o - +2 helmet
rElec   .          Harm     .    n - +1 cloak
rCorr   +          Rampage  .    (no gloves)
Will    +....                    (no barding)
Stlth   ..........               r - amulet of regeneration
HPRegen 1.13/turn                j - +6 ring of dexterity
MPRegen 0.11/turn                (no ring)

@: about to teleport, very slow
A: AC +3, large, see invisible, deformed body, poison resistance, slowness 2,
spit poison 1, naga tail 1
a: Spit Poison, Renounce Religion, Berserk, Trog's Hand


You were on level 6 of the Dungeon.
You worshipped Trog.
Trog was pleased with you.
You visited 1 branch of the dungeon, and saw 6 of its levels.

You collected 396 gold pieces.

Inventory:

Hand Weapons
 a - a +1 falchion
 c - the +3 long sword "Furyekku" (weapon) {spect, Drain rCorr Dex+7}
   (You found it on level 6 of the Dungeon)

   When its wielder attacks, the weapon's spirit leaps out and strikes again.
   The spirit shares a part of any damage it takes with its wielder.
   Dex:       It affects your dexterity (+7).
   rCorr:     It protects you from acid and corrosion.
   Drain:     It drains your maximum health when unequipped.
 g - a +1 dagger of protection
 l - a +0 hammer
 m - a +3 quarterstaff of chaos
 w - a +4 dire flail
 x - a +5 falchion
Missiles
 s - a throwing net
Armour
 d - a +0 chain mail (worn)
 n - a +1 cloak (worn)
 o - a +2 helmet (worn)
Jewellery
 j - a +6 ring of dexterity (left hand)
 k - a ring of fire
 r - an amulet of regeneration (around neck)
Wands
 e - a wand of paralysis (4)
 q - a wand of iceblast (13)
 t - a wand of polymorph (8)
Scrolls
 h - a scroll of magic mapping
 u - 3 scrolls of fear
 y - a scroll of enchant weapon
 B - a scroll of amnesia
Potions
 f - a potion of haste
 i - 2 potions of attraction
 p - a potion of curing {unknown}
 v - 3 potions of flight {unknown}
 z - 2 potions of brilliance {unknown}


   Skills:
 + Level 5.7 Fighting
 + Level 6.9 Long Blades
 + Level 4.2 Staves
 + Level 5.1 Armour
 + Level 3.0 Dodging
 + Level 2.9 Stealth


You had 8 spell levels left.
You didn't know any spells.
Your spell library was empty.

Dungeon Overview and Level Annotations

Branches:
Dungeon (6/15)             Temple (0/1) D:4

Altars:
Dithmenos


Innate Abilities, Weirdness & Mutations

Your serpentine skin is tough. (AC +3)
You have supernaturally acute eyesight. (SInv)
Armour fits poorly on your strangely shaped body.
Your system is resistant to poisons. (rPois)
You cover ground very slowly.
You can spit poison.
You have a snake-like lower body.


Message History

The bolt of electricity hits you!
The electric eel shoots out a bolt of lightning at you!
The bolt of electricity hits you.
The electric eel shoots out a bolt of lightning at you!
The bolt of electricity hits you!
An electric eel comes into view.
Aiming: Spit Poison (1% risk of failure)
Press: ? - help, Q - select action, (/) - cycle Shift-Dir - straight line, f - electric eel
Aim: an electric eel (water, 43% to hit)
The splash of poison hits the electric eel!
The electric eel is poisoned.
The electric eel is heavily wounded.
The electric eel shoots out a bolt of lightning at you!
The bolt of electricity hits you.
The electric eel shoots out a bolt of lightning at you!
The bolt of electricity hits you!
The bolt of electricity hits the plant!
The plant begins to die.
The electric eel shoots out a bolt of lightning at you!
The bolt of electricity hits you.
The bolt of electricity hits the plant!
The electric eel shoots out a bolt of lightning at you!
The bolt of electricity hits you!
The bolt of electricity hits the plant!
The electric eel shoots out a bolt of lightning at you!
The bolt of electricity hits you!
The bolt of electricity hits the plant!
You have got your breath back.
The electric eel shoots out a bolt of lightning at you!
The bolt of electricity hits the plant!
The plant begins to die.
The bolt of electricity hits you!
* * * LOW HITPOINT WARNING * * *
The electric eel shoots out a bolt of lightning at you!
The bolt of electricity hits the plant!
The bolt of electricity hits you.
* * * LOW HITPOINT WARNING * * *
As you read the scroll of teleportation, it crumbles to dust.
You feel strangely unstable.
The electric eel shoots out a bolt of lightning at you!
The bolt of electricity hits the plant!
The bolt of electricity hits you.
* * * LOW HITPOINT WARNING * * *
A nearby plant withers and dies. x2; The electric eel looks more healthy.
The electric eel shoots out a bolt of lightning at you!
The bolt of electricity hits you!
You die...

≈~~~...##..## #...............###
~.~~~..##.## #.###############
≈~≈~.####.# ##.# ~~~~~##...# #..#
### ~~≈~~...######.## ####..
≈≈.≈.#)........# #####....#
≈≈~~~##.######## #.....#...
≈~[.###.# ##########.###...##
#..####.# ***##~@♣~♣~~♣♣.# #.#.##
#####...#*#~*♣~~♣~~♣~~♣♣♣♣♣♣.#..#
...##.####~♣~♣♣~~~~♣~~~~~♣♣~~♣♣.#
##....#*♣P♣~~~~~~≈≈~~~~~~♣~~~♣~..
###..##~~~~~♣~~≈~≈≈~~≈≈≈~~~~~~♣~.
* #..#♣~~~PP~~≈S~S≈≈~≈≈≈≈~~~~~~♣~
##..P~~~P~P~≈≈≈≈≈≈≈~≈≈≈≈~~♣~~~~♣
##...~♣~♣~~~~~≈≈≈≈≈≈≈≈≈≈≈~~~~~~~~
#..#.♣♣~~~♣P~≈≈~≈≈≈≈≈≈≈≈≈~~~~♣~~♣


You could see 2 electric eels.

Vanquished Creatures
  Grinder (D:6)
  A wyvern (D:6)
  Eustachio (D:6)
  Menkaure (D:4)
  A black bear (D:3)
  3 phantoms
  A necrophage (D:4)
  A bullfrog (D:6)
  A scorpion (D:5)
  4 wights (D:6)
  A howler monkey (D:4)
  An electric eel (D:6)
  A jelly (D:5)
  2 hounds (D:4)
  Crazy Yiuf (D:4)
  Jessica (D:2)
  Terence (D:2)
  3 iguanas
  2 orc wizards (D:3)
  8 adders
  3 gnolls (D:5)
  2 ufetubi
  3 worms
  A dart slug (D:2)
  6 orcs
  5 ball pythons
  6 bats
  5 endoplasms
  3 giant cockroaches
  9 goblins
  7 hobgoblins
  7 jackals
  5 kobolds
  3 quokkas
  A frilled lizard (D:1)
  8 rats
110 creatures vanquished.

Vanquished Creatures (others)
  22 plants (D:6)
22 creatures vanquished.

Grand Total: 132 creatures vanquished

Notes
Turn   | Place    | Note
-------+----------+-------------------------------------------
     0 | D:1      | KarmaKiller the Naga Berserker began the quest for the Orb.
     0 | D:1      | Reached XP level 1. HP: 21/21 MP: 1/1
    90 | D:1      | Reached XP level 2. HP: 28/28 MP: 2/2
   665 | D:1      | Reached XP level 3. HP: 29/34 MP: 3/3
   873 | D:1      | Reached ** piety under Trog
  1437 | D:1      | Upgraded the game from 0.30-a0-354-g6b83867211 to
                  | 0.30-a0-358-g0d69a1922f
  1817 | D:2      | Reached XP level 4. HP: 44/44 MP: 4/4
  1918 | D:2      | Noticed Terence
  1926 | D:2      | Killed Terence
  1927 | D:2      | Reached skill level 4 in Long Blades
  2474 | D:2      | Noticed Jessica
  2492 | D:2      | Killed Jessica
  2493 | D:2      | Reached skill level 1 in Stealth
  2493 | D:2      | Reached XP level 5. HP: 33/50 MP: 5/5
  2988 | D:3      | Found a shadowy altar of Dithmenos.
  3438 | D:3      | Noticed a black bear
  3463 | D:3      | Killed a black bear
  3464 | D:3      | Reached XP level 6. HP: 25/57 MP: 6/6
  4085 | D:4      | Reached skill level 5 in Long Blades
  4636 | D:4      | Found a staircase to the Ecumenical Temple.
  4644 | D:4      | Reached XP level 7. HP: 66/66 MP: 7/7
  4749 | D:4      | Noticed Menkaure
  4756 | D:4      | Killed Menkaure
  4891 | D:4      | Found a runed translucent door.
  4892 | D:4      | Noticed Crazy Yiuf
  4899 | D:4      | Killed Crazy Yiuf
  5340 | D:5      | Entered Level 5 of the Dungeon
  5581 | D:5      | Reached skill level 6 in Long Blades
  5822 | D:5      | Reached skill level 1 in Staves
  5822 | D:5      | Reached XP level 8. HP: 73/73 MP: 8/8
  6183 | D:6      | Reached skill level 5 in Fighting
  6183 | D:6      | Identified the +3 long sword "Furyekku" {spect, Drain rCorr
                  | Dex+7}
  6311 | D:6      | Noticed Grinder
  6319 | D:6      | Killed Grinder
  6460 | D:6      | Noticed Eustachio
  6517 | D:6      | Killed Eustachio
  6518 | D:6      | Reached skill level 5 in Armour
  6549 | D:6      | Noticed a wyvern
  6560 | D:6      | Reached XP level 9. HP: 65/81 MP: 9/9
  6768 | D:6      | Killed from afar by an electric eel

Illustrated notes

Levels and vault maps discovered:
D:1:      minmay_arrival_four_loops, layout_loops_corners, grunt_decor_junction
D:2:      layout_loops_corners, chequers_serial_rivers_room_b,
          serial_park_tiny_1, kennysheep_generic_room_7, uniq_jessica,
          uniq_terence
D:3:      layout_loops_corners, nicolae_dithmenos_shadow_blocks
D:4:      layout_basic, minmay_temple_entry_wispy, uniq_menkaure,
          uniq_crazy_yiuf_cottage
D:5:      layout_basic
D:6:      layout_rooms, serial_rivers, chequers_serial_rivers_micro_d,
          chequers_serial_rivers_micro_a, chequers_serial_rivers_large_a,
          chequers_serial_rivers_micro_b, chequers_serial_rivers_micro_b,
          chequers_serial_rivers_micro_b, serial_bayou_lake_a, uniq_eustachio,
          uniq_grinder

Skill      XL: |  1  2  3  4  5  6  7  8  9 |
---------------+----------------------------+-----
Dodging        | 2 3 |  3.0
Long Blades    | 4 5 6 |  6.9
Stealth        | 1 2 |  2.9
Fighting       | 4 5 |  5.7
Armour         | 2 3 4 5 |  5.1
Staves         | 1 4 |  4.2

Action                   |  1- 3 |  4- 6 |  7- 9 || total
-------------------------+-------+-------+-------++-------
Melee: Falchion          |   104 |   137 |    24 ||   265
       Punch             |     1 |     1 |     1 ||     3
       Quarterstaff      |       |       |    33 ||    33
       Long sword        |       |       |    57 ||    57
Invok: Berserk           |     2 |     6 |     7 ||    15
       Trog's Hand       |       |       |     2 ||     2
 Abil: Spit Poison       |    17 |    10 |     8 ||    35
  Use: Scroll            |     3 |     8 |     8 ||    19
       Potion            |       |       |     1 ||     1
Armor: Animal skin       |    14 |       |       ||    14
       Chain mail        |       |    75 |    75 ||   150
Dodge: Dodged            |    65 |    51 |    55 ||   171

Table legend: (Time is in decaauts)
 A = Elapsed time spent in this place.
 B = Non-inter-level travel time spent in this place.
 C = Inter-level travel time spent in this place.
 D = Time resting spent in this place.
 E = Time spent auto-exploring this place.
 F = Levels seen in this place.
 G = Mean time per level.
                   A        B        C        D        E       F      G
               +--------+--------+--------+--------+--------+-----+--------+
         Total |   9118 |   9118 |      0 |    795 |      0 |   6 | 1519.7 |
       Dungeon |   9118 |   9118 |      0 |    795 |      0 |   6 | 1519.7 |
               +--------+--------+--------+--------+--------+-----+--------+

Top non-repeatable levels by time:
     D:1: 2011 daAuts
     D:4: 2005 daAuts
     D:2: 1657 daAuts
     D:3: 1500 daAuts
     D:5: 994 daAuts
     D:6: 950 daAuts
